 Dungeon Crawl Stone Soup version 0.32-a0-314-g526f7d4993 (webtiles) character file.

Game seed: 16483888746340160073

88 retardedninja the Trooper (level 4, -7/40 HPs)
             Began as a Mountain Dwarf Fighter on Feb 15, 2024.
             Killed by divine providence
             ... invoked by an orc priest
              (14 damage)
             ... on level 3 of the Dungeon.
             The game lasted 00:01:41 (1317 turns).

retardedninja the Trooper (Mountain Dwarf Fighter)  Turns: 1317, Time: 00:01:42

Health: -7/40      AC:  7    Str: 21    XL:     4   Next: 30%
Magic:  4/4        EV:  9    Int:  8    God:
Gold:   154        SH:  4    Dex:  9    Spells: 3/3 levels left

rFire   . . .        a - +0 war axe
rCold   . . .        c - +0 buckler
rNeg    . . .        b - +0 scale mail
rPois   .            (no helmet)
rElec   .            (no cloak)
rCorr   .            (no gloves)
SInv    .            (no boots)
Will    .....        (no amulet) Stlth
                     (no ring)
HPRegen 0.26/turn    (no ring)
MPRegen 0.09/turn

%: no passive effects
@: no status effects
A: runic magic, artefact enchanting
a: Convert to Beogh


You were on level 3 of the Dungeon.
You visited 1 branch of the dungeon, and saw 3 of its levels.

You collected 154 gold pieces.

Inventory:

Hand Weapons
 a - a +0 war axe (weapon)
Armour
 b - a +0 scale mail (worn)
 c - a +0 buckler (worn)
Scrolls
 e - a scroll of enchant weapon {unknown}
 f - 3 scrolls of identify {unknown}
 g - a scroll of revelation {unknown}
 h - a scroll of poison {unknown}
 i - 2 scrolls of teleportation {unknown}
 j - a scroll of blinking {unknown}
Potions
 d - a potion of might


   Skills:
 + Level 4.0 Fighting
 + Level 3.4 Axes
 + Level 4.0 Armour
 + Level 4.0 Shields


You had 3 spell levels left.
You didn't know any spells.
Your spell library contained the following spells:

 Spells                   Type           Power      Damage    Failure   Level
 Shock                    Conj/Air       0%         1d3       56%         1
 Swiftness                Air            0%         N/A       90%         3
 Airstrike                Air            0%         2d(0-16)  100%        4
 Brom's Barrelling Bould  Conj/Erth      0%         2d3       100%        4
 Fireball                 Conj/Fire      0%         3d3       100%        5
 Iskenderun's Battlesphe  Conj           0%         2d6       100%        5
 Conjure Ball Lightning   Conj/Air       0%         3x3d6     100%        6
 Orb of Destruction       Conj           0%         9d5       100%        7


Dungeon Overview and Level Annotations

Branches:
Dungeon (3/15)

Altars:
Vehumet

Shops:
D:1 *


Innate Abilities, Weirdness & Mutations

Your spellcasting is much less encumbered by armour.
You can use scrolls of enchantment on lesser artefacts.


Message History

Pain shoots through your body! The orc hits you with a +0 falchion.
You closely miss the orc.
The orc is lightly wounded.
You hit the orc priest but do no damage.
The orc hits you but does no damage. The orc priest closely misses you.
You hit the orc.
You kill the orc!
You barely miss the orc priest.
The orc priest hits you but does no damage.
You closely miss the orc priest. You hit the goblin.
You block the goblin's attack.
The orc priest hits you with a +0 heavy mace.
The goblin closely misses you.
You completely miss the goblin.
The goblin is moderately wounded.
You hit the orc priest but do no damage.
The goblin hits you but does no damage.
The orc priest looks encouraged for a moment.
You hit the goblin.
You kill the goblin!
You hit the orc priest.
The orc priest calls down the wrath of Beogh upon you.
Beogh smites you!
The orc priest threatens, "Beogh's wrath is as vast as their mercy.
Make your choice!" (press Y on the ability menu to convert to Beogh)
The orc priest shouts, "The Pantheon deserves no one's loyalty.
Let us show you the true path!"
You hit the orc priest.
The orc priest is moderately wounded.
The orc priest hits you with a +0 heavy mace.
You hit the orc priest.
The orc priest is heavily wounded.
The orc priest invokes the aid of Beogh against you.
Beogh smites you!
* * * LOW HITPOINT WARNING * * *
You hit the orc priest.
The orc priest is severely wounded.
The orc priest shouts, "The Pantheon deserves no one's loyalty.
Let us show you the true path!"
The orc priest invokes the aid of Beogh against you.
Beogh smites you!
You die...

. #.# #. #.# #.# #.#
#... #.######
###..##......
...........#
......)o...#
#..)@...### .....#
#.....##.....# #.##.#
#.... #.....# #.##.#
#... ##....# #.##.# #..
#....# #.##.# #. #....#
#.##.# #####+# #....#
#.##.# #...#.# ###.##
..##.####...#.######.##


You could see an orc priest.

Vanquished Creatures
  A gnoll (D:3)
  2 adders (D:3)
  A ribbon worm (D:2)
  2 orcs (D:3)
  5 bats
  2 endoplasms (D:1)
  5 giant cockroaches
  A goblin (D:3)
  A hobgoblin (D:1)
  A quokka (D:2)
  6 ball pythons
  2 frilled lizards (D:1)
  A kobold (D:2)
  3 rats (D:1)
33 creatures vanquished.

Notes
Turn   | Place    | Note
-------+----------+-------------------------------------------
     0 | D:1      | retardedninja the Mountain Dwarf Fighter began the quest
                  | for the Orb.
     0 | D:1      | Reached XP level 1. HP: 19/19 MP: 1/1
   168 | D:1      | Reached XP level 2. HP: 26/26 MP: 2/2
   284 | D:1      | Found Pouvesch's Assorted Antiques.
   484 | D:1      | Reached XP level 3. HP: 31/33 MP: 3/3
   685 | D:2      | Found a radiant altar of Vehumet.
  1269 | D:3      | Reached XP level 4. HP: 40/40 MP: 4/4
  1317 | D:3      | Killed from afar by an orc priest

Illustrated notes

Levels and vault maps discovered:
D:1:      saegor_arrival_miasma, layout_loops_cross, serial_shops,
          nicolae_lakefront_shop
D:2:      layout_rooms, basic_altar, mrwooster_statue_mirror
D:3:      layout_basic

Skill      XL: |  1  2  3  4 |
---------------+-------------+-----
Axes           | 3 |  3.4
Fighting       | 4 |  4.0
Armour         | 4 |  4.0
Shields        | 4 |  4.0

Action                     |  1- 3 |  4- 6 || total
---------------------------+-------+-------++-------
  Melee: War axe           |    84 |    12 ||    96
 Armour: Scale mail        |    52 |     8 ||    60
  Dodge: Dodged            |    46 |     5 ||    51
  Block: Buckler           |     9 |     1 ||    10

Table legend: (Time is in decaauts)
 A = Elapsed time spent in this place.
 B = Non-inter-level travel time spent in this place.
 C = Inter-level travel time spent in this place.
 D = Time resting spent in this place.
 E = Time spent auto-exploring this place.
 F = Levels seen in this place.
 G = Mean time per level.
                   A        B        C        D        E       F      G
               +--------+--------+--------+--------+--------+-----+--------+
         Total |   1353 |   1320 |     33 |      0 |   1064 |   3 |  451.0 |
       Dungeon |   1353 |   1320 |     33 |      0 |   1064 |   3 |  451.0 |
               +--------+--------+--------+--------+--------+-----+--------+

Top non-repeatable levels by time:
     D:1: 689 daAuts
     D:2: 519 daAuts
     D:3: 144 daAuts
